 Dungeon Crawl Stone Soup version 0.31.0-1-g2c135a008e (webtiles) character file.

Game seed: 1495420374383861728

101 qw the Shooter (level 5, 0/40 HPs)
             Began as a Djinni Hunter on Jan 23, 2024.
             Slain by a goblin
             ... wielding a +0 dagger
             ... led by Robin
              (4 damage)
             ... on level 2 of the Dungeon.
             The game lasted 00:00:04 (1247 turns).

qw the Shooter (Djinni Hunter)                      Turns: 1247, Time: 00:00:05

Health: 0/40       AC:  5    Str: 10    XL:     5   Next: 4%
Gold:   64         EV: 11    Int: 10    God:
                   SH:  0    Dex: 19

rFire   + + .        a - +0 shortbow
rCold   x . .        (shield currently unavailable)
rNeg    . . .        h - +0 ring mail
rPois   inf          (no helmet)
rElec   .            (no cloak)
rCorr   .            (no gloves)
SInv    .            (boots unavailable)
Will    .....        f - amulet of regeneration
Stlth   +            (no ring)
HPRegen 1.06/turn    (no ring)
MPRegen 0.00/turn

%: infuse magic (-1 HP)
@: flying
A: sickness immunity, fire resistance 2, cold vulnerability 1, float, innate
caster, HP casting, extra vitality 1
a: no special abilities


You were on level 2 of the Dungeon.
You visited 1 branch of the dungeon, and saw 2 of its levels.

You collected 64 gold pieces.


Innate Abilities, Weirdness & Mutations

You are immune to sickness and miasma.
You are immune to poison.
Your flesh is very heat resistant. (rF++)
You are vulnerable to cold. (rC-)
You float through the air rather than walking.
You learn spells naturally, not from books.
Your magical power is your life essence.
You have superior vitality. (+4 MHP)


   Skills:
 - Level 3.0 Fighting
 + Level 4.3 Ranged Weapons
 - Level 1.1 Armour
 - Level 2.1 Dodging
 - Level 0.7 Stealth


You knew the following spells:

 Your Spells              Type           Power      Damage    Failure   Level
a - Slow                  Hex            0%         N/A       67%         1
b - Mercury Vapours       Alch/Air       0%         N/A       82%         2
Your spell library was empty.

Inventory:

Hand Weapons
 a - a +0 shortbow (weapon)
Armour
 h - a +0 ring mail (worn)
Jewellery
 f - an amulet of regeneration (around neck)
Scrolls
 c - a scroll of identify
 g - a scroll of amnesia {unknown}
 i - a scroll of teleportation {unknown}
Potions
 b - 3 potions of heal wounds {unknown}
 d - a potion of lignification {unknown}
 e - a potion of curing {unknown}
 j - a potion of degeneration {unknown}
 k - a potion of invisibility {unknown}

Dungeon Overview and Level Annotations

Branches:
Dungeon (2/15)

Altars:

Annotations:
D:2 Robin


Message History

The hobgoblin is moderately wounded.
The hobgoblin barely misses you.
You shoot an arrow. The arrow barely misses the hobgoblin.
The arrow barely misses the goblin.
The arrow hits the goblin.
The goblin is heavily wounded.
Robin says, "Bow before me, strongest of all the hobgoblins!"
Robin roars a battlecry!
The goblins go into a battle-frenzy!
The hobgoblin barely misses you.
A goblin comes into view. It is wielding a +4 dagger.
The goblin shouts!
You hear a shout!
You shoot an arrow. The arrow closely misses the hobgoblin.
The arrow closely misses the goblin.
The goblin misses you. The hobgoblin hits you.
The goblin hits you with a +0 dagger. x2
You shoot an arrow. The arrow barely misses the goblin.
The arrow hits the goblin.
You kill the goblin!
The goblin hits you with a +0 dagger. The hobgoblin hits you.
You shoot an arrow. The arrow barely misses the goblin.
Robin hits you from afar with a +0 spear.
The goblin hits you but does no damage. The hobgoblin hits you.
The goblin hits you with a +0 dagger.
You shoot an arrow. The arrow barely misses the goblin.
Robin hits you from afar with a +0 spear.
The goblin hits you with a +0 dagger.
The hobgoblin hits you but does no damage.
A hobgoblin comes into view. It is wielding a +0 hand axe.
The goblin hits you with a +0 dagger. Robin closely misses you.
The goblin hits you but does no damage. The goblin hits you with a +0 dagger.
The hobgoblin hits you but does no damage.
You shoot an arrow. The hobgoblin shouts!
The arrow hits the goblin but does no damage.
The goblin is heavily wounded.
Robin throws the goblin at you! The goblin closely misses you.
A goblin comes into view. It is wielding a +0 club.
The hobgoblin hits you but does no damage.
The goblin closely misses you. The goblin hits you with a +0 dagger.
You die...

#.......#..).#
#.###.
#####.###.##.#
#.....
###.#....#.########
#.................
##:)#.####.#######
#..#....#.#
#..#.##.#.#
#g#####gg####.#.#
#.g.$g)@....#.#.#
..%...gg###.#...#
......... #.#####
.........##........
.........##########
.#.......#
......#..#
#######..#


You could see Robin, 2 hobgoblins and 4 goblins.

Vanquished Creatures
  4 gnolls
  3 adders (D:2)
  5 endoplasms
  A giant cockroach (D:2)
  3 hobgoblins (D:2)
  4 ball pythons
  4 bats
  3 frilled lizards
  7 goblins
  A kobold (D:2)
  A rat (D:2)
36 creatures vanquished.

Notes
Turn   | Place    | Note
-------+----------+-------------------------------------------
     0 | D:1      | qw the Djinni Hunter began the quest for the Orb.
     0 | D:1      | Reached XP level 1. HP: 18/18 MP: 0/0
     0 | D:1      | 0 ||| qw: Version: 0.3-a-136-gdd3b4e8
     0 | D:1      | 0 ||| qw: Game counter: 1173
     0 | D:1      | 0 ||| qw: Melee chars always use a shield: true
     0 | D:1      | 0 ||| qw: God list: Okawaru
     0 | D:1      | 0 ||| qw: Allow faded altars: false
     0 | D:1      | 0 ||| qw: Do Orc after clearing Dungeon:15 true
     0 | D:1      | 0 ||| qw: Do second Lair branch before Depths: true
     0 | D:1      | 0 ||| qw: Lair rune preference: random
     0 | D:1      | 0 ||| qw: Goals: Normal
     0 | D:1      | 0 ||| PLANNING D:1-11
   118 | D:1      | Reached XP level 2. HP: 23/23 MP: 0/0
   215 | D:1      | 215 ||| DROPPING +2 sling of flaming.
   315 | D:1      | Reached skill level 4 in Ranged Weapons
   315 | D:1      | Reached XP level 3. HP: 28/28 MP: 0/0
   315 | D:1      | Learned a level 1 spell: Slow
   447 | D:1      | 447 ||| UPGRADING to +0 ring mail.
   457 | D:1      | 457 ||| DROPPING +0 leather armour.
   458 | D:1      | 458 ||| UPGRADING to amulet of regeneration.
   463 | D:1      | 463 ||| READING scroll labelled AROHIOZX PEVU.
   464 | D:1      | 464 ||| READING scroll labelled OPNUAT DYDA.
   464 | D:1      | 464 ||| IDENTIFYING smoky yellow potion
   465 | D:1      | 465 ||| READING scroll labelled GUEREA CAGA.
   466 | D:1      | 466 ||| READING scroll labelled RINTEE WUSIPLE.
   467 | D:1      | 467 ||| DROPPING scroll of butterflies.
   468 | D:1      | 468 ||| DROPPING potion of magic.
   524 | D:2      | 524 ||| RETREEEEATING.
   525 | D:2      | 525 ||| RETREEEEATING.
   537 | D:2      | Reached skill level 1 in Armour
   560 | D:2      | Reached XP level 4. HP: 34/34 MP: 0/0
   565 | D:2      | HP: 5/34 [gnoll/+0 flail (5)]
   568 | D:2      | Reached skill level 3 in Fighting
   570 | D:2      | HP: 8/35 [gnoll/+0 club (3)]
   884 | D:2      | Reached XP level 5. HP: 40/40 MP: 0/0
   884 | D:2      | Learned a level 2 spell: Mercury Vapours
  1240 | D:2      | Noticed Robin
  1246 | D:2      | HP: 10/40 [goblin/+0 dagger[Robin] (3)]
  1246 | D:2      | HP: 4/40 [goblin/+0 dagger[Robin] (5)]
  1247 | D:2      | Slain by a goblin

Levels and vault maps discovered:
D:1:      minmay_arrival_hallway, layout_basic, minmay_hedge_maze,
          dk_noncrumbling_3
D:2:      layout_basic, uniq_robin

Skill      XL: |  1  2  3  4 |
---------------+-------------+-----
Ranged Weapons | 4 |  4.3
Armour         | 1 |  1.1
Fighting       | 3 |  3.0
Dodging        | |  2.1
Stealth        | |  0.7

Action                     |  1- 3 |  4- 6 || total
---------------------------+-------+-------++-------
   Fire: Shortbow          |    50 |    64 ||   114
    Use: Scroll            |     4 |       ||     4
 Armour: Leather armour    |     1 |       ||     1
         Ring mail         |    15 |    50 ||    65
  Dodge: Dodged            |    23 |    31 ||    54

Table legend:
 A = Non-vault XP
 B = Vault XP
 C = Vault XP percentage of total XP
 D = Non-vault monster count
 E = Vault monster count
 F = Vault count percentage of total count
                 A         B        C        D         E       F
            +---------+---------+-------+---------+---------+-------
      Total |     139 |       6 |   4.1 |      33 |       3 |   8.3
            +---------+---------+-------+---------+---------+-------
        D:1 |      33 |       0 |   0.0 |      13 |       0 |   0.0
        D:2 |     106 |       6 |   5.4 |      20 |       3 |  13.0
            +---------+---------+-------+---------+---------+-------
